 Dungeon Crawl Stone Soup version 0.24-a0-274-gb3763e6 (webtiles) character file.

Game seed: 18387343925502715350

3633 Hylith the Cleaver (level 10, -8/90 HPs)
             Began as a Hill Orc Fighter on Apr 26, 2019.
             Was a Believer of Beogh.
             Mangled by a spiny frog (16 damage)
             ... on level 8 of the Dungeon.
             The game lasted 00:14:54 (7479 turns).

Hylith the Cleaver (Hill Orc Fighter)               Turns: 7479, Time: 00:14:55

Health: -8/90      AC: 16    Str: 23    XL:     10   Next: 11%
Magic:  10/10      EV:  6    Int:  8    God:    Beogh [**....]
Gold:   143        SH: 12    Dex: 10    Spells: 9/9 levels left

rFire    . . .     SeeInvis .   a - +0 war axe
rCold    . . .     Gourm    .   c - +1 shield
rNeg     . . .     Faith    .   w - +0 chain mail {rPois}
rPois    +         Spirit   .   (no helmet)
rElec    .         Reflect  .   t - scarf {cloud immunity}
rCorr    .         Harm     .   (no gloves)
MR       .....                  (no boots)
Stlth    ..........             (no amulet)
HPRegen  0.25/turn              I - +3 ring of protection
MPRegen  0.12/turn              b - +3 ring of protection

@: lethally poisoned (-8 -> -29)
A: no striking features
a: Smiting, Renounce Religion


You were on level 8 of the Dungeon.
You worshipped Beogh.
Beogh was pleased with you.
You were hungry.

You visited 2 branches of the dungeon, and saw 10 of its levels.
You also visited: Sewer.

You collected 444 gold pieces.
You spent 301 gold pieces at shops.

Inventory:

Hand Weapons
 a - a +0 war axe (weapon)
Missiles
 C - 2 tomahawks of returning (quivered)
Armour
 c - a +1 shield (worn)
 t - a scarf of cloud immunity (worn)
 w - a +0 chain mail of poison resistance (worn)
 M - a +0 pair of gloves
Jewellery
 b - a +3 ring of protection (right hand)
 e - an uncursed ring of protection from cold
 x - an uncursed ring of positive energy
 I - a +3 ring of protection (left hand)
Wands
 l - a wand of paralysis (11)
 q - a wand of disintegration (9)
 J - a wand of digging (4)
 K - a wand of flame (19)
Scrolls
 g - 3 scrolls of blinking
 h - a scroll of immolation
 j - a scroll of identify
 s - 5 scrolls of remove curse
 y - 2 scrolls of teleportation
 z - 3 scrolls of enchant armour
 A - a scroll of random uselessness {unknown}
 B - 3 scrolls of amnesia {unknown}
 E - a scroll of magic mapping
 F - 3 scrolls of fog
 G - 2 scrolls of enchant weapon
 H - a scroll of summoning
Potions
 d - a potion of might
 i - 2 potions of mutation {unknown}
 k - a potion of invisibility
 m - 4 potions of haste
 n - 2 potions of curing {unknown}
 o - 2 potions of magic {unknown}
 p - 6 potions of heal wounds {unknown}
 r - 2 potions of brilliance
 u - 2 potions of flight {unknown}
 v - a potion of ambrosia
 D - a potion of cancellation
Comestibles
 f - 14 rations


   Skills:
 + Level 8.4 Fighting
 * Level 11.8 Axes
 + Level 7.7 Armour
 + Level 7.7 Shields


You had 9 spell levels left.
You didn't know any spells.
Your spell library was empty.

Dungeon Overview and Level Annotations

Branches:
Dungeon (9/15)             Temple (0/1) D:4            Lair (1/6) D:8
    Orc: D:9-12

Altars:
Ru
Trog

Shops:
D:6 ?   D:8 *


Message History

You slash the spiny frog!
You feel sick. The spiny frog closely misses you. The spiny frog stings you!
* * * LOW HITPOINT WARNING * * *
You are lethally poisoned!
The spiny frog poisons you!
You completely miss the spiny frog.
The spiny frog is moderately wounded.
You closely miss the spiny frog.
* * * LOW HITPOINT WARNING * * *
You feel sick. You block the spiny frog's attack.
The spiny frog closely misses you. The spiny frog barely misses you.
Unknown command.
You barely miss the spiny frog.
The spiny frog is moderately wounded.
You slash the spiny frog!
* * * LOW HITPOINT WARNING * * *
You feel sick. You block the spiny frog's attack. The spiny frog stings you!
* * * LOW HITPOINT WARNING * * *
The spiny frog stings you!
You die...

### ##.# ...######### ####
...#....##.####F@#
..#............F##
..#.........##### ######
..#.........# ##....##
..#.........# #......#
..##.....##############.....#
..##.....####..#.....##....(#
.........'..................#
<........#..................##


You could see 2 spiny frogs.

Vanquished Creatures
  A hippogriff (D:9)
  5 yaks (D:9)
  A hungry ghost (D:4)
  An orc warrior (D:6)
  2 phantoms (D:4)
  A sky beast (D:9)
  An ice beast (D:5)
  3 ogres
  2 centaurs
  6 bullfrogs
  A scorpion (D:9)
  A howler monkey (D:5)
  4 crimson imps
  2 bullfrog zombies
  6 hounds
  4 orc priests
  2 jellies
  4 orc wizards
  A centaur skeleton (D:4)
  Terence (D:3)
  5 iguanas
  8 worker ants
  A hound zombie (D:6)
  A hound skeleton (D:5)
  3 gnolls (D:7)
  7 adders
  A river rat (D:3)
  2 shadow imps
  2 oozes
  2 adder skeletons
  An adder zombie (D:5)
  A worm (D:2)
  A dart slug (D:5)
  4 leopard geckos
  19 orcs
  10 ball pythons
  11 bats
  6 giant cockroaches
  7 goblins
  8 hobgoblins
  8 jackals (Sewer)
  6 quokkas
  6 frilled lizards
  A jackal skeleton (D:4)
  7 kobolds
  A quokka skeleton (D:7)
  4 rats
  A plant (Sewer)
183 creatures vanquished.

Notes
Turn   | Place    | Note
-------+----------+-------------------------------------------
     0 | D:1      | Hylith the Hill Orc Fighter began the quest for the Orb.
     0 | D:1      | Reached XP level 1. HP: 19/19 MP: 1/1
   164 | D:1      | Reached skill level 3 in Axes
   222 | D:1      | Reached XP level 2. HP: 27/27 MP: 2/2
   552 | D:1      | Reached XP level 3. HP: 28/33 MP: 3/3
   764 | D:2      | Reached skill level 4 in Axes
   779 | D:2      | Reached XP level 4. HP: 35/40 MP: 4/4
  1088 | D:3      | Found a glowing drain.
  1092 | Sewer    | Entered a sewer
  1792 | D:3      | Reached XP level 5. HP: 46/47 MP: 5/5
  2072 | D:3      | Noticed Terence
  2081 | D:3      | Killed Terence
  2081 | D:3      | Reached skill level 5 in Axes
  2244 | D:4      | Found the +3 sling "Punk" {acid, rCorr}
  2266 | D:4      | Noticed a hungry ghost
  2287 | D:4      | Killed a hungry ghost
  2287 | D:4      | Reached XP level 6. HP: 54/55 MP: 6/6
  2303 | D:4      | Reached skill level 5 in Fighting
  2303 | D:4      | Reached skill level 6 in Axes
  2397 | D:4      | Noticed a phantom
  2399 | D:4      | Noticed a phantom
  2412 | D:4      | Killed a phantom
  2412 | D:4      | Reached XP level 7. HP: 52/61 MP: 7/7
  2517 | D:4      | Reached skill level 5 in Shields
  2582 | D:4      | Found a staircase to the Ecumenical Temple.
  2755 | D:4      | Reached skill level 7 in Axes
  2755 | D:4      | Reached skill level 5 in Armour
  2935 | D:5      | Entered Level 5 of the Dungeon
  3183 | D:5      | Became a worshipper of Beogh the Brigand
  3694 | D:5      | Reached XP level 8. HP: 65/70 MP: 8/8
  4502 | D:5      | Found a sacrificial altar of Ru.
  4632 | D:6      | Reached skill level 8 in Axes
  4666 | D:6      | Found Suwnegot's Magic Scroll Shop.
  4674 | D:6      | Bought a scroll of magic mapping for 38 gold pieces
  4674 | D:6      | Bought a scroll of fog for 22 gold pieces
  4674 | D:6      | Bought a scroll of teleportation for 33 gold pieces
  4674 | D:6      | Bought a scroll of fog for 22 gold pieces
  4674 | D:6      | Bought a scroll of enchant weapon for 82 gold pieces
  4674 | D:6      | Bought a scroll of summoning for 104 gold pieces
  5163 | D:7      | Reached skill level 9 in Axes
  5500 | D:8      | Reached XP level 9. HP: 67/78 MP: 9/9
  5521 | D:8      | Found a bloodstained altar of Trog.
  5561 | D:8      | Reached * piety under Beogh
  5763 | D:7      | Reached skill level 10 in Axes
  6046 | D:8      | Found Uryzxoh's Elemental Accessories.
  6335 | D:8      | Found a staircase to the Lair.
  6707 | D:9      | Reached ** piety under Beogh
  6711 | D:9      | Reached skill level 11 in Axes
  7027 | D:9      | Reached XP level 10. HP: 78/88 MP: 10/10
  7113 | D:9      | Noticed a two-headed ogre
  7461 | Lair:1   | Entered Level 1 of the Lair of Beasts
  7462 | Lair:1   | Noticed a spiny frog
  7463 | Lair:1   | Noticed a spiny frog
  7465 | Lair:1   | Noticed a spiny frog
  7479 | D:8      | Mangled by a spiny frog

Levels and vault maps discovered:
D:1:      psy_arrival_basics, layout_basic
D:2:      layout_rooms, minmay_tromino_v7
D:3:      layout_rooms, gup_sewer_entry_bowl, minmay_close_crescents,
          uniq_terence
D:4:      layout_loops_ring, minmay_temple_entry_enclosed_plants
D:5:      lemuel_upstairs_altar, layout_layer_cave, first_ration,
          lemuel_statue_altar
D:6:      layout_rooms, serial_shops,
          nicolae_shop_temple_entry_statues_fountains
D:7:      layout_basic, grunt_ogre_cave
D:8:      layout_gridville, lair_entry_dummy, nicolae_elemental_shop,
          kennysheep_flooded_box
D:9:      layout_stronghold, kennysheep_little_box, minmay_curled_crystal,
          st_stairs_5
Lair:1:   layout_concentric_octagons, beast_lair_carwin_1,
          minmay_lair_oklob_chamber

Skill      XL: |  1  2  3  4  5  6  7  8  9 |
---------------+----------------------------+-----
Axes           | 3 4 5 6 7 9 11 | 11.8
Fighting       | 4 5 6 8 |  8.4
Shields        | 4 5 6 7 |  7.7
Armour         | 4 5 6 7 |  7.7

Action                   |  1- 3 |  4- 6 |  7- 9 | 10-12 || total
-------------------------+-------+-------+-------+-------++-------
Melee: War axe           |    88 |   227 |   382 |    37 ||   734
Throw: Tomahawk          |       |       |     2 |       ||     2
Invok: Convert to Beogh  |       |       |     1 |       ||     1
Evoke: Wand              |       |       |     3 |       ||     3
  Use: Scroll            |     2 |     3 |     7 |     1 ||    13
       Potion            |       |     1 |       |       ||     1
  Eat: Chunk             |       |     7 |    11 |     1 ||    19
       Ration            |       |     1 |     1 |       ||     2
Armor: Scale mail        |    54 |    64 |       |       ||   118
       Chain mail        |       |    38 |   175 |    14 ||   227
Dodge: Dodged            |    28 |    59 |    77 |     9 ||   173
Block: Shield            |    59 |   127 |   245 |    32 ||   463

Table legend:
 A = Non-vault XP
 B = Vault XP
 C = Vault XP percentage of total XP
 D = Non-vault monster count
 E = Vault monster count
 F = Vault count percentage of total count
                 A         B        C        D         E       F
            +---------+---------+-------+---------+---------+-------
      Total |    4965 |     225 |   4.3 |     152 |      30 |  16.5
            +---------+---------+-------+---------+---------+-------
        D:1 |      37 |       0 |   0.0 |      20 |       0 |   0.0
        D:2 |      56 |       5 |   8.2 |      20 |       3 |  13.0
        D:3 |      30 |      58 |  65.9 |       8 |       7 |  46.7
        D:4 |     642 |       0 |   0.0 |      13 |       0 |   0.0
        D:5 |     340 |       0 |   0.0 |      13 |       0 |   0.0
        D:6 |     285 |       0 |   0.0 |       8 |       0 |   0.0
        D:7 |    1064 |     118 |  10.0 |      23 |       1 |   4.2
        D:8 |     460 |       0 |   0.0 |      18 |       0 |   0.0
        D:9 |    2051 |       0 |   0.0 |      29 |       0 |   0.0
      Sewer |       0 |      44 | 100.0 |       0 |      19 | 100.0
            +---------+---------+-------+---------+---------+-------
